 Dungeon Crawl Stone Soup version 0.19.1 (webtiles) character file.

10693 Mefis the Thaumaturge (level 11, -2/62 HPs)
             Began as a Deep Elf Wizard on Dec 19, 2016.
             Was an Elder of Sif Muna.
             Slain by a white ugly thing (18 damage)
             ... on level 11 of the Dungeon.
             The game lasted 00:47:17 (15239 turns).

Mefis the Thaumaturge (Deep Elf Wizard)            Turns: 15239, Time: 00:47:17

Health: -2/62      AC:  8    Str: 13    XL:     11   Next: 39%
Magic:  14/28      EV: 16    Int: 27    God:    Sif Muna [****..]
Gold:   553        SH:  3    Dex: 13    Spells: 13 memorised, 3 levels left

rFire  . . .     SeeInvis .     B - +3 trident (venom)
rCold  . . .     Gourm    .     j - +1 robe {MR+}
rNeg   . . .     Faith    .     (no shield)
rPois  .         Spirit   .     G - +0 helmet
rElec  .         Reflect  +     O - +0 cloak
rCorr  .         Harm     .     y - +1 pair of gloves
MR     ++...                    i - +0 pair of boots
Stlth  ++++......               J - +3 amulet of reflection
                                c - +4 ring of strength
                                b - +5 ring of strength

@: repel missiles
A: no striking features
a: Divine Energy, Channel Magic, Forget Spell, Renounce Religion


You were on level 11 of the Dungeon.
You worshipped Sif Muna.
Sif Muna was greatly pleased with you.
You were not hungry.

You visited 3 branches of the dungeon, and saw 13 of its levels.

You collected 553 gold pieces.

Inventory:

Hand Weapons
 a - a +0 dagger of venom
 B - a +3 trident of venom (weapon)
Missiles
 D - a throwing net (quivered)
Armour
 i - a +0 pair of boots (worn)
 j - a +1 robe of magic resistance (worn)
 y - a +1 pair of gloves (worn)
 G - a +0 helmet (worn)
 O - a +0 cloak (worn)
Magical Staves
 v - an uncursed staff of wizardry
Jewellery
 b - a +5 ring of strength (left hand)
 c - a +4 ring of strength (right hand)
 d - an uncursed amulet of magic regeneration
 t - an uncursed ring of wizardry
 E - an uncursed ring of poison resistance {unknown}
 J - a +3 amulet of reflection (around neck)
 K - an uncursed ring of flight
Wands
 l - a wand of acid (6/15)
 x - a wand of paralysis (12/24)
 C - a wand of digging (15/24)
 M - a wand of polymorph (6/24)
Scrolls
 e - 2 scrolls of recharging
 f - a scroll of immolation
 g - 2 scrolls of fog
 m - 3 scrolls of remove curse
 r - 3 scrolls of fear
 s - a scroll of identify
 w - a scroll of enchant weapon
 z - 2 scrolls of teleportation
 T - 2 scrolls of blinking
Potions
 h - 5 potions of curing
 n - 4 potions of heal wounds
 q - a potion of might
 u - a potion of magic
 A - a potion of degeneration
Books
 k - a book of Battle

   Spells                             Type                      Level
   a - Infusion                       Charms                       1
   b - Shroud of Golubria             Charms/Translocation         2
   c - Song of Slaying                Charms                       2
   d - Spectral Weapon                Hexes/Charms                 3
   e - Regeneration                   Charms/Necromancy            3
Comestibles
 o - 2 bread rations
 p - 7 meat rations
 F - a beef jerky
 H - 5 chunks of flesh
 I - 14 fruits
 Q - 10 royal jellies
 W - a slice of pizza


   Skills:
 + Level 4.3 Fighting
 + Level 0.3 Polearms
 + Level 7.9 Dodging
 + Level 7.7 Stealth
 * Level 11.2 Spellcasting
 + Level 6.4 Conjurations
 + Level 7.0 Hexes
 + Level 4.6 Charms
 + Level 3.4 Summonings
 + Level 5.0 Necromancy
 + Level 2.1 Translocations
 + Level 4.0 Air Magic
 - Level 2.5 Poison Magic
 + Level 2.6 Invocations
 + Level 4.8 Evocations


You had 3 spell levels left.
You knew the following spells:

 Your Spells              Type           Power        Failure   Level  Hunger
a - Magic Dart            Conj           ####         1%          1    None
b - Call Imp              Summ           ####....     1%          2    None
c - Blink                 Tloc           N/A          1%          2    None
d - Repel Missiles        Chrm/Air       #####.       1%          2    None
e - Mephitic Cloud        Conj/Pois/Air  #####...     1%          3    None
f - Conjure Flame         Conj/Fire      ####....     2%          3    None
g - Slow                  Hex            ######..     1%          2    None
h - Inner Flame           Hex/Fire       ####....     2%          3    None
m - Animate Skeleton      Necr           N/A          1%          1    None
o - Regeneration          Chrm/Necr      #####.....   1%          3    None
p - Shroud of Golubria    Chrm/Tloc      ####......   1%          2    None
q - Cause Fear            Hex            ######....   2%          4    None
s - Confusing Touch       Hex            ######       1%          1    None


Dungeon Overview and Level Annotations

Branches:
Dungeon (11/15)            Temple (1/1) D:4            Lair (1/6) D:8
    Orc (0/2) D:10

Altars:
Ashenzari
Cheibriados
Dithmenos
Elyvilon
Fedhas
Gozag
Hepliaklqana
Kikubaaqudgha
Makhleb
Nemelex Xobeh
Okawaru
Qazlal
Ru
Sif Muna
Trog
Uskayaw
Vehumet
Xom
Yredelemnul
Zin
The Shining One

Shops:
D:6 }

Annotations:
D:6 rod of shadows 950


Message History

The white ugly thing gurgles horribly!
You hit the wight.
The wight is severely damaged.
Casting: Conjure Flame
Confirm with . or Enter, or press ? or * to list all spells.
Aiming: Inner Flame
Press: ? - help, Shift-Dir - straight line, f/p - wight
Aim: a wight, wielding an enchanted scimitar, wearing a robe and carrying a wand of polymorph {empty} (severely damaged, chance to defeat MR: 87%)
The wight is filled with an inner flame.
Attack whom?
Press: ? - help, Dir - move target cursor, f/p - wight
Aim: a wight, wielding an enchanted scimitar, wearing a robe and carrying a wand of polymorph {empty} (severely damaged, inner flame)
You reach to attack!
You closely miss the wight.
The wight is severely damaged.
You barely miss the white ugly thing.
The white ugly thing is engulfed in roaring flames.
The white ugly thing tentacle-slaps you!
* * * LOW HITPOINT WARNING * * *
The white ugly thing freezes you!!
You die...

###.........# ###........
#...........###...#######
####.#.............########
.....#..........##........#
##...........###.######.#
#...##.......## #.#
...#...#..<..## ##.#
#.#.....###.## #..#
........##@# #.##
...###...#u### #.####
..........z..###....# ..
.#......#......###
#.###....C...##
#....%......##
....#.....)...# ###
#F###.....# #.........#.#


You could see a white ugly thing, a hill giant, a bullfrog (wandering) and a
wight (inner flame).

Vanquished Creatures
  A hill giant (D:10)
  A centaur zombie (D:11)
  A gargoyle (D:10)
  3 trolls (D:10)
  A hornet (D:8)
  A two-headed ogre (D:8)
  Grinder (D:4)
  2 hippogriffs
  2 wyverns
  4 yaks (D:9)
  A soldier ant (D:8)
  An ice beast (D:7)
  6 sky beasts
  6 orc warriors
  A black bear (D:7)
  10 ogres
  3 phantoms
  5 centaurs
  A necrophage (D:9)
  4 big kobolds
  11 bullfrogs
  3 gnoll sergeants
  A wyvern skeleton (D:10)
  2 scorpions
  11 wights
  2 bullfrog zombies
  7 crimson imps
  7 hounds
  3 orc priests
  Crazy Yiuf (D:4)
  2 bullfrog skeletons
  A gnoll shaman (D:7)
  5 jellies
  6 orc wizards
  3 centaur skeletons
  Natasha (twice) (D:4)
  3 iguanas
  7 worker ants
  A killer bee zombie (D:10)
  Robin (D:4)
  14 gnolls
  19 adders
  5 shadow imps
  An ooze (D:1)
  2 adder skeletons
  An adder zombie (D:9)
  A worm (D:2)
  A dart slug (D:1)
  5 leopard geckos
  26 orcs
  12 bats
  6 giant cockroaches
  17 goblins
  14 hobgoblins
  3 jackals
  4 quokkas
  A ball python (D:2)
  5 frilled lizards
  6 kobolds
  A leopard gecko zombie (D:7)
  10 rats
288 creatures vanquished.

Vanquished Creatures (collateral kills)
  Edmund (D:4)
  The ghost of Mefis the Magician, an amateur DEWz (D:3)
  An ooze (D:1)
  A worm (D:2)
  The ghost of dscm the Charmwright, a weakling OpSk (D:4)
  A dart slug (D:2)
  3 orcs
  2 hobgoblins (D:1)
  A jackal (D:3)
  A frilled lizard (D:3)
13 creatures vanquished.

Vanquished Creatures (others)
  A soldier ant (D:8)
  A jackal (D:3)
2 creatures vanquished.

Grand Total: 303 creatures vanquished

Notes
Turn   | Place    | Note
-------+----------+-------------------------------------------
     0 | D:1      | Mefis the Deep Elf Wizard began the quest for the Orb.
     0 | D:1      | Reached XP level 1. HP: 10/10 MP: 7/7
   184 | D:1      | Reached XP level 2. HP: 16/16 MP: 5/9
   189 | D:1      | Learned a level 2 spell: Call Imp
   192 | D:1      | Learned a level 2 spell: Blink
   195 | D:1      | Learned a level 2 spell: Repel Missiles
   686 | D:1      | Reached XP level 3. HP: 20/20 MP: 2/11
   691 | D:1      | Learned a level 3 spell: Mephitic Cloud
   814 | D:1      | Reached skill level 1 in Fighting
  1485 | D:2      | Reached skill level 5 in Spellcasting
  1604 | D:2      | Reached skill level 1 in Air Magic
  1604 | D:2      | Reached XP level 4. HP: 20/25 MP: 7/13
  1650 | D:2      | Learned a level 3 spell: Conjure Flame
  2193 | D:3      | Noticed Mefis's ghost (amateur DEWz)
  2193 | D:3      | Reached skill level 1 in Poison Magic
  2358 | D:3      | Killed Mefis's ghost
  2358 | D:3      | Reached XP level 5. HP: 23/29 MP: 4/14
  3293 | D:4      | Noticed Grinder
  3298 | D:4      | Learned a level 2 spell: Slow
  3315 | D:4      | Killed Grinder
  3315 | D:4      | Reached skill level 6 in Spellcasting
  3315 | D:4      | Reached skill level 1 in Hexes
  3315 | D:4      | Reached XP level 6. HP: 33/35 MP: 5/17
  3398 | D:4      | Noticed Edmund
  3424 | D:4      | Noticed dscm's ghost (weakling OpSk)
  3498 | D:4      | Killed dscm's ghost
  3792 | D:4      | Killed Edmund
  3928 | D:4      | Reached XP level 7. HP: 38/39 MP: 5/18
  4039 | D:4      | Noticed Robin
  4046 | D:4      | Killed Robin
  4227 | D:4      | Noticed Natasha
  4234 | D:4      | Killed Natasha
  4283 | D:4      | Found a staircase to the Ecumenical Temple.
  4292 | Temple   | Entered the Ecumenical Temple
  4619 | D:4      | Found a runed door.
  4719 | D:4      | Found a burning altar of Makhleb.
  4725 | D:4      | Noticed Natasha
  4729 | D:4      | Killed Natasha
  4926 | D:4      | Noticed Crazy Yiuf
  4932 | D:4      | Killed Crazy Yiuf
  4935 | D:4      | Got a dazzling mace
  4936 | D:4      | Identified the +7 mace "Nefi" {freeze, rC+ MR+ Int-2 SInv} (You found it on level 4 of the Dungeon)
  5029 | D:5      | Entered Level 5 of the Dungeon
  5260 | D:5      | Reached skill level 7 in Spellcasting
  5333 | D:5      | Found a bloodstained altar of Trog.
  5409 | D:5      | Found a shimmering altar of Xom.
  5410 | D:5      | Found a hazy altar of Hepliaklqana.
  5411 | D:5      | Noticed a spectral ugly thing
  5815 | D:6      | Reached skill level 1 in Evocations
  5815 | D:6      | Reached XP level 8. HP: 45/45 MP: 9/21
  6062 | D:6      | Reached skill level 5 in Stealth
  6128 | D:6      | Learned a level 1 spell: Animate Skeleton
  6130 | D:6      | Learned a level 1 spell: Confusing Touch
  6143 | D:6      | Found a deep blue altar of Sif Muna.
  6156 | D:6      | Learned a level 3 spell: Inner Flame
  6168 | D:6      | Became a worshipper of Sif Muna the Loreminder
  6332 | D:6      | Found a shattered altar of Ashenzari.
  6339 | D:6      | Found Jixenlee's Gadget Emporium.
  6383 | D:6      | Found a stormy altar of Qazlal.
  6431 | D:6      | Reached skill level 5 in Dodging
  6458 | D:6      | Reached skill level 1 in Necromancy
  6797 | D:6      | Reached skill level 8 in Spellcasting
  7762 | D:7      | Reached XP level 9. HP: 49/49 MP: 23/23
  7768 | D:7      | Learned a level 4 spell: Cause Fear
  7803 | D:7      | Reached * piety under Sif Muna
  7917 | D:7      | Found a glowing silver altar of Zin.
  8311 | D:7      | Reached skill level 9 in Spellcasting
  8483 | D:7      | Reached skill level 5 in Conjurations
  8636 | D:7      | Reached skill level 5 in Hexes
  9373 | D:7      | Reached ** piety under Sif Muna
  9914 | D:8      | Reached XP level 10. HP: 56/56 MP: 18/25
 10057 | D:8      | Reached skill level 1 in Charms
 10544 | D:8      | Found a staircase to the Lair.
 10923 | Lair:1   | Entered Level 1 of the Lair of Beasts
 10996 | D:9      | Reached skill level 10 in Spellcasting
 11562 | D:9      | Reached *** piety under Sif Muna
 12393 | D:9      | Reached skill level 1 in Invocations
 12807 | D:9      | Learned a level 3 spell: Regeneration
 12810 | D:9      | Learned a level 2 spell: Shroud of Golubria
 13116 | D:10     | Entered Level 10 of the Dungeon
 13751 | D:10     | Reached XP level 11. HP: 61/61 MP: 17/27
 13930 | D:10     | Reached **** piety under Sif Muna
 14067 | D:10     | Reached skill level 11 in Spellcasting
 14356 | D:10     | Noticed a hill giant
 14382 | D:10     | Killed a hill giant
 14949 | D:10     | Found a staircase to the Orcish Mines.
 15200 | D:11     | Reached skill level 5 in Necromancy
 15210 | D:11     | Noticed a hill giant
 15216 | D:11     | Noticed a white ugly thing
 15239 | D:11     | Slain by a white ugly thing

Skill      XL: |  1  2  3  4  5  6  7  8  9 10 11 |
---------------+----------------------------------+-----
Stealth        | 3 4 5 6 7 |  7.7
Fighting       | 1 2 3 4 |  4.3
Spellcasting   | 5 6 7 8 9 10 11 | 11.2
Air Magic      | 1 2 3 4 |  4.0
Conjurations   | 2 3 4 5 6 |  6.4
Poison Magic   | 1 2 |  2.5
Dodging        | 3 4 5 6 7 |  7.9
Hexes          | 1 2 4 5 6 7 |  7.0
Evocations     | 1 3 4 |  4.8
Necromancy     | 2 3 4 5 |  5.0
Charms         | 3 4 |  4.6
Summonings     | 3 |  3.4
Invocations    | 1 2 |  2.6
Translocations | 2 |  2.1
Polearms       | |  0.3

Action                   |  1- 3 |  4- 6 |  7- 9 | 10-12 || total
-------------------------+-------+-------+-------+-------++-------
Melee: Unarmed           |     7 |       |       |       ||     7
       Short sword       |    14 |    22 |       |       ||    36
       Flail             |       |     5 |    10 |       ||    15
       Dagger            |       |       |    54 |    80 ||   134
       Quarterstaff      |       |       |     1 |       ||     1
       Halberd           |       |       |     7 |       ||     7
       Trident           |       |       |       |   104 ||   104
 Cast: Magic Dart        |    81 |   153 |   406 |   389 ||  1029
       Repel Missiles    |     2 |       |     2 |       ||     4
       Call Imp          |     2 |    22 |     3 |     9 ||    36
       Mephitic Cloud    |       |     8 |    21 |    29 ||    58
       Conjure Flame     |       |       |    12 |    20 ||    32
       Inner Flame       |       |       |     7 |    13 ||    20
       Blink             |       |       |     3 |    20 ||    23
       Cause Fear        |       |       |     4 |     7 ||    11
       Confusing Touch   |       |       |       |     2 ||     2
       Slow              |       |       |       |     1 ||     1
       Regeneration      |       |       |       |     1 ||     1
       Shroud of Golubri |       |       |       |     1 ||     1
Evoke: Wand              |       |       |     6 |     2 ||     8
  Use: Scroll            |       |     2 |     5 |     8 ||    15
       Potion            |       |     1 |     2 |       ||     3
 Stab: Sleeping          |     1 |     1 |     7 |     6 ||    15
       Confused          |       |     1 |     2 |     7 ||    10
       Distracted        |       |       |     1 |       ||     1
       Paralysed         |       |       |       |     2 ||     2
  Eat: Chunk             |     2 |     7 |     9 |    12 ||    30
       Bread ration      |       |       |     2 |     1 ||     3
       Fruit             |       |       |       |     1 ||     1
Armor: Robe              |     8 |     7 |    37 |    37 ||    89
Dodge: Dodged            |    28 |    47 |   140 |   171 ||   386
       Deflected         |     1 |       |     2 |     2 ||     5
Block: Other             |       |       |       |     2 ||     2
